 Dungeon Crawl Stone Soup version 0.31-a0-1074-g0b22e4e0f1 (webtiles) character file.

Game seed: 11065390351835950390

44054 dialectric the Unseen (level 13, -7/68 HPs)
             Began as a Spriggan Delver on Nov 27, 2023.
             Was the Champion of Dithmenos.
             Mangled by an ettin
             ... wielding a +4 dire flail
              (31 damage)
             ... on level 12 of the Dungeon.
             The game lasted 00:47:48 (20697 turns).

dialectric the Unseen (Spriggan Delver)            Turns: 20697, Time: 00:47:48

Health: -7/68      AC:  8    Str:  6    XL:     13   Next: 94%
Magic:  10/10      EV: 28    Int: 12    God:    Dithmenos [******]
Gold:   1549       SH:  0    Dex: 27    Spells: 33/36 levels left

rFire   . . .        u - +9 quick blade (antimagic)
rCold   . . .        (no shield)
rNeg    . . .        G - +2 robe {Will+}
rPois   .            (helmet restricted)
rElec   .            (no cloak)
rCorr   .            (gloves unavailable)
SInv    +            (boots unavailable)
Will    +++..        A - amulet of the acrobat Stlth *****+++++
                     q - +4 ring of protection
HPRegen 0.31/turn    x - +6 ring of dexterity
MPRegen 0.12/turn

%: acrobat
@: wreathed by umbra, very quick
A: very small, no large weapons, unfitting armour, see invisible, speed 3, horns
1, weak 1
a: Renounce Religion, Shadow Step, Shadow Form


You were on level 12 of the Dungeon.
You worshipped Dithmenos.
Dithmenos was exalted by your worship.
You visited 6 branches of the dungeon, and saw 22 of its levels.

You collected 2094 gold pieces.
You spent 545 gold pieces at shops.

Inventory:

Hand Weapons
 h - a +1 falchion of protection
 u - a +9 antimagic quick blade (weapon)
 v - a +1 dagger of venom
Missiles
 y - 2 poisoned darts
 B - 14 throwing nets (quivered)
 H - 40 boomerangs
Armour
 l - +2 steam dragon scales
 G - a +2 robe of willpower (worn)
 I - a +0 buckler
 O - +0 acid dragon scales
Jewellery
 p - a ring of positive energy
 q - a +4 ring of protection (left hand)
 x - a +6 ring of dexterity (right hand)
 A - an amulet of the acrobat (around neck)
 M - an amulet of guardian spirit
 R - a ring of protection from fire
 T - a ring of willpower
Wands
 a - a wand of quicksilver (4)
 g - a wand of digging (6)
 r - a wand of polymorph (7)
 w - a wand of flame (19)
 J - a wand of iceblast (5)
 N - a wand of mindburst (16)
Scrolls
 b - 4 scrolls of torment
 c - 3 scrolls of fog
 d - 3 scrolls of revelation
 m - 4 scrolls of immolation
 t - 3 scrolls of teleportation
 D - 2 scrolls of fear
 E - a scroll of amnesia
 F - 2 scrolls of blinking
 K - 2 scrolls of identify
 L - 2 scrolls of poison
 Q - a scroll of enchant armour
Potions
 e - a potion of mutation
 f - 4 potions of haste
 i - a potion of cancellation
 j - 2 potions of resistance
 k - 5 potions of enlightenment
 n - 5 potions of invisibility
 o - 11 potions of curing
 s - 6 potions of heal wounds
 z - 3 potions of ambrosia
 C - 2 potions of brilliance
 P - 2 potions of attraction
 S - a potion of berserk rage


   Skills:
 - Level 8.3 Fighting
 - Level 14.0 Short Blades
 - Level 3.2 Armour
 + Level 9.3 Dodging
 + Level 19.1 Stealth
 + Level 12.2 Spellcasting
 - Level 7.1 Hexes
 - Level 3.0 Invocations


You had 33 spell levels left.
You knew the following spells:

 Your Spells              Type           Power      Damage    Failure   Level
a - Confusing Touch       Hex            24%        N/A       1%          3

Your spell library contained the following spells:

 Spells                   Type           Power      Damage    Failure   Level
 Slow                     Hex            96%        N/A       1%          1
 Jinxbite                 Hex            48%        N/A       1%          2
 Sigil of Binding         Hex            24%        N/A       1%          3
 Summon Guardian Golem    Hex/Summ       15%        N/A       7%          3
 Apportation              Tloc           14%        N/A       10%         1
 Sublimation of Blood     Necr           7%         N/A       14%         2
 Wereblood                Tmut           7%         N/A       14%         2
 Leda's Liquefaction      Hex/Erth       7%         N/A       22%         4
 Vampiric Draining        Necr           7%         2d6       28%         3
 Silence                  Hex/Air        7%         N/A       52%         5
 Animate Dead             Necr           7%         N/A       67%         4
 Passage of Golubria      Tloc           7%         N/A       67%         4
 Alistair's Intoxication  Tmut/Pois      4%         N/A       95%         5
 Borgnjor's Vile Clutch   Necr/Erth      3%         N/A       95%         5
 Lee's Rapid Deconstruct  Erth           3%         3d5*      95%         5
 Bombard                  Conj/Erth      3%         9d1       100%        6
 Death Channel            Necr           3%         N/A       100%        6
 Orb of Destruction       Conj           3%         9d5       100%        7
 Spellforged Servitor     Conj/Summ      3%         N/A       100%        7
 Summon Hydra             Summ           3%         N/A       100%        7
 Lehudib's Crystal Spear  Conj/Erth      3%         10d3      100%        8


Dungeon Overview and Level Annotations

Branches:
Dungeon (13/15)            Temple (1/1) D:4            Lair (4/5) D:8
  Swamp (1/4) Lair:3       Spider (0/4) Lair:3          Orc (2/2) D:11
    Elf (1/3) Orc:2
  Slime: Lair:4-5    Vaults: D:13-14

Altars:
Ashenzari
Cheibriados
Dithmenos
Elyvilon
Fedhas
Gozag
Hepliaklqana
Kikubaaqudgha
Makhleb
Nemelex Xobeh
Okawaru
Qazlal
Ru
Sif Muna
Trog
Uskayaw
Vehumet
Wu Jian
Xom
Yredelemnul
Zin
The Shining One

Shops:
D:7 ::   D:10 !   D:12 [!:!

Annotations:
D:2 Natasha
D:12 Sonja
Orc:1 2 transporters, perezv8180's ghost, journeyman GrMo


Innate Abilities, Weirdness & Mutations

You are very small and have problems with some larger weapons.
You are too small for most types of armour.
You have supernaturally acute eyesight. (SInv)
You cover ground extremely quickly. (Speed+++)
You have a pair of small horns on your head.
You are weak. (Str -2)


Message History

You barely miss the two-headed ogre.
The two-headed ogre is heavily wounded.
Your shadow hits the two-headed ogre with a quick blade.
Your shadow hits the two-headed ogre but does no damage.
You puncture the two-headed ogre! You headbutt the two-headed ogre.
You puncture the two-headed ogre!
You kill the two-headed ogre!
Dithmenos accepts your kill.
No target in view!
No target in view!
No target in view!
No target in view!
No target in view!
Things that are here:
a +0 giant club; a +0 giant spiked club
Things that are here:
a +0 giant club; a +0 giant spiked club An ettin is nearby!
An ettin is nearby!
An ettin is nearby!
The ettin barely misses you. The ettin misses you.
You hit the ettin. You puncture the ettin!
The ettin is lightly wounded.
Your shadow hits the ettin but does no damage. x2
You completely miss the ettin. You hit the ettin.
You headbutt the ettin, but do no damage.
The ettin is moderately wounded.
Your shadow hits the ettin but does no damage. x2
The ettin completely misses you. x2
You hit the ettin but do no damage. x2
The ettin is moderately wounded.
You hit the ettin.
You headbutt the ettin, but do no damage.
You hit the ettin but do no damage.
The ettin is moderately wounded.
The ettin hits you with a +4 dire flail!!!
Ouch! That really hurt!
You emit a cloud of dark smoke.
The ettin hits you with a +0 dire flail!!
You die...

.....).#.....#.#
....##########.#
...............#
....########.###
....########..#####
..................#
..#####.....##....#
..# #.....#..§§§#
.## ##...##..§@§#
## ##.##...§#C# #
###...###.# ....#
.# ....# .# ..
..⌠.. .# e.# ##....
.# ...#+#.. .#
#.K..... .###


You could see an ettin.

Vanquished Creatures
  An orc warlord (Orc:1)
  A dire elephant (Orc:1)
  Josephine (Orc:2)
  A hydra (Lair:3)
  4 two-headed ogres
  2 boulder beetles
  3 orc high priests
  Amaemon (D:8)
  A swamp dragon (Swamp:1)
  3 orc knights
  Pikel (D:5)
  A deep elf zephyrmancer (Orc:2)
  3 orc sorcerers
  An ugly thing (D:12)
  3 cyclopes
  2 black mambas
  A torpor snail (D:8)
  6 cane toads
  4 komodo dragons
  2 rime drakes (Lair:1)
  4 trolls
  4 tyrant leeches
  3 polar bears
  25 blink frogs
  A slime creature (D:12)
  Sigmund (D:5)
  2 culicivoras (Lair:3)
  4 shadows
  6 wraiths
  37 yaks
  A wyvern (Lair:3)
  Grum (D:8)
  2 steam dragons
  6 vampire mosquitoes (D:12)
  3 swamp worms (Lair:3)
  A warg (Orc:1)
  An acid dragon (D:11)
  11 water moccasins
  26 orc warriors
  3 ice beasts
  5 ogres
  13 wolves
  A centaur (D:9)
  A phantom (D:6)
  A lemure (D:5)
  5 gnoll sergeants
  10 bullfrogs
  12 wights
  9 killer bees (D:9)
  An electric eel (D:7)
  4 jellies
  13 orc priests
  11 hounds
  Jessica (D:3)
  4 gnoll boudas (D:7)
  3 sleepcaps
  2 iguanas (D:6)
  26 orc wizards
  48 gnolls
  7 adders
  2 shadow imps
  2 white imps
  An ufetubus (D:4)
  A worm (D:3)
  A dart slug (D:1)
  67 orcs
  6 ball pythons
  7 bats
  7 endoplasms
  4 giant cockroaches
  5 goblins
  7 hobgoblins
  16 jackals
  9 kobolds
  5 quokkas
  2 frilled lizards (D:1)
  5 rats
508 creatures vanquished.

Notes
Turn   | Place    | Note
-------+----------+-------------------------------------------
     0 | D:5      | dialectric the Spriggan Delver began the quest for the Orb.
     0 | D:5      | Reached XP level 1. HP: 11/11 MP: 2/2
    22 | D:5      | Noticed Sigmund
    96 | D:4      | Noticed an orc wizard
   103 | D:3      | Noticed an iguana
   193 | D:3      | Reached XP level 2. HP: 16/16 MP: 3/3
   410 | D:3      | Found a glowing silver altar of Zin.
   454 | D:3      | Noticed Jessica
   486 | D:3      | Found an iron altar of Okawaru.
   520 | D:3      | Found a bloodstained altar of Trog.
  1010 | D:4      | Found a staircase to the Ecumenical Temple.
  1078 | Temple   | Entered the Ecumenical Temple
  1098 | Temple   | Became a worshipper of Dithmenos the Shadowed
  1197 | D:3      | Reached XP level 3. HP: 16/19 MP: 4/4
  1248 | D:3      | Killed Jessica
  1683 | D:2      | Reached XP level 4. HP: 23/23 MP: 5/5
  1876 | D:1      | Reached skill level 8 in Stealth
  1936 | D:1      | Reached * piety under Dithmenos
  2637 | D:2      | Noticed Natasha
  2821 | D:4      | Reached XP level 5. HP: 28/28 MP: 6/6
  2841 | D:4      | Learned a level 3 spell: Confusing Touch
  3264 | D:2      | Reached ** piety under Dithmenos
  3586 | D:5      | Noticed an ogre
  3661 | D:6      | Reached skill level 1 in Spellcasting
  3661 | D:6      | Reached XP level 6. HP: 32/32 MP: 7/9
  3704 | D:6      | Noticed an ice beast
  3815 | D:5      | Reached skill level 1 in Invocations
  3842 | D:5      | Found a sacrificial altar of Ru.
  3844 | D:5      | Found an ornate altar of the Wu Jian Council.
  4192 | D:6      | Reached skill level 5 in Dodging
  4499 | D:5      | Reached XP level 7. HP: 27/36 MP: 12/12
  4641 | D:5      | Found a white marble altar of Elyvilon.
  4658 | D:5      | Reached skill level 9 in Stealth
  4766 | D:7      | Found Nutrus's Book Emporium.
  5441 | D:8      | Noticed a steam dragon
  5444 | D:8      | Killed a steam dragon
  5445 | D:8      | Reached skill level 1 in Hexes
  5612 | D:8      | Reached XP level 8. HP: 32/42 MP: 15/15
  5852 | D:8      | Found a staircase to the Lair.
  5916 | D:8      | Noticed Grum
  5964 | Lair:1   | Entered Level 1 of the Lair of Beasts
  5966 | Lair:1   | Reached skill level 5 in Short Blades
  6002 | Lair:1   | Noticed a rime drake
  6009 | Lair:1   | You fall into a shaft and drop 1 floor!
  6019 | Lair:2   | Noticed a polar bear
  6022 | Lair:2   | Noticed a black mamba
  6049 | Lair:1   | Noticed a cane toad
  6155 | Lair:1   | Noticed a cane toad
  6241 | Lair:1   | Noticed a rime drake
  6401 | D:8      | Reached skill level 1 in Armour
  6401 | D:8      | Reached skill level 10 in Stealth
  6565 | D:8      | Noticed Amaemon
  6566 | D:8      | Noticed an orange demon
  6588 | D:8      | Killed Amaemon
  6589 | D:8      | Reached skill level 5 in Spellcasting
  6589 | D:8      | Reached skill level 5 in Hexes
  6589 | D:8      | Reached XP level 9. HP: 25/46 MP: 15/17
  7131 | D:8      | Killed Grum
  7230 | D:9      | Reached skill level 11 in Stealth
  7250 | D:9      | Found a snail-covered altar of Cheibriados.
  7591 | D:9      | Identified the +3 sling of Optimality {heavy, rF+}
  7702 | D:8      | Reached XP level 10. HP: 51/51 MP: 14/20
  7722 | D:8      | Reached skill level 12 in Stealth
  7745 | D:8      | Reached *** piety under Dithmenos
  8165 | D:9      | Identified a scroll of acquirement
  8165 | D:9      | Acquired a +6 antimagic quick blade
  8582 | D:7      | Found Weaxiuniamm's Book Shop.
  8667 | D:7      | Found a sparkling altar of Nemelex Xobeh.
  8942 | D:6      | Reached **** piety under Dithmenos
  9290 | D:7      | Reached skill level 5 in Fighting
  9290 | D:7      | Reached skill level 13 in Stealth
  9889 | D:5      | Killed Sigmund
  9988 | D:5      | Noticed Pikel
 10002 | D:5      | Killed Pikel
 10079 | D:5      | Found a broken altar of Ashenzari.
 10101 | D:5      | Reached ***** piety under Dithmenos
 10911 | D:6      | Found a stormy altar of Qazlal.
 10916 | D:6      | Found a hazy altar of Hepliaklqana.
 10974 | D:6      | Reached XP level 11. HP: 56/56 MP: 7/22
 11139 | Lair:1   | Reached skill level 10 in Short Blades
 11190 | D:8      | Reached skill level 14 in Stealth
 11246 | D:10     | Entered Level 10 of the Dungeon
 11546 | D:10     | Found Buyn Zejo's Distillery.
 11559 | D:10     | Bought a potion of curing for 45 gold pieces
 12195 | D:11     | Identified the +11 falchion of Doubt {drain, +Blink rN++}
 12481 | D:11     | Noticed a two-headed ogre
 12488 | D:11     | Killed a two-headed ogre
 12556 | D:11     | Found a staircase to the Orcish Mines.
 12572 | Orc:1    | Entered Level 1 of the Orcish Mines
 12723 | Orc:1    | Found a transporter.
 12726 | Orc:1    | Noticed perezv8180's ghost (journeyman GrMo)
 12744 | Orc:1    | Found a transporter.
 12775 | Orc:1    | Noticed an orc sorcerer
 12788 | Orc:1    | Killed an orc sorcerer
 12789 | Orc:1    | Reached skill level 15 in Stealth
 13151 | Orc:1    | Noticed an orc warlord
 13220 | Orc:2    | Entered Level 2 of the Orcish Mines
 13220 | Orc:2    | Noticed an orc high priest
 13220 | Orc:2    | Found a staircase to the Elven Halls.
 13221 | Orc:2    | Killed an orc high priest
 13254 | Orc:2    | Found a burning altar of Makhleb.
 13401 | Orc:2    | Reached XP level 12. HP: 48/62 MP: 8/25
 13913 | Orc:2    | Noticed Josephine
 13925 | Orc:2    | Killed Josephine
 13949 | Orc:2    | Reached ****** piety under Dithmenos
 14088 | Orc:2    | Noticed an orc high priest
 14102 | Orc:2    | Gained mutation: You are clumsy. (Dex -2) [a neqoxec]
 14109 | Orc:2    | Gained mutation: You are vulnerable to heat. (rF-) [a
                  | neqoxec]
 14387 | Orc:1    | Killed an orc high priest
 14412 | Orc:1    | Lost mutation: You are vulnerable to heat. (rF-) [potion of
                  | mutation]
 14412 | Orc:1    | Lost mutation: You are clumsy. (Dex -2) [potion of
                  | mutation]
 14412 | Orc:1    | Gained mutation: You are weak. (Str -2) [potion of
                  | mutation]
 14412 | Orc:1    | Gained mutation: You have a pair of small horns on your
                  | head. [potion of mutation]
 14468 | Orc:2    | Noticed an orc high priest
 14661 | D:11     | Noticed a boulder beetle
 14665 | D:11     | Killed a boulder beetle
 14666 | D:11     | Reached skill level 16 in Stealth
 15009 | D:12     | Noticed a boulder beetle
 16651 | Lair:2   | Reached XP level 13. HP: 42/68 MP: 9/27
 16906 | Lair:2   | Reached skill level 17 in Stealth
 16917 | Lair:2   | Reached skill level 10 in Spellcasting
 17819 | Lair:3   | Found a staircase to the Swamp.
 17980 | Lair:3   | Found a hole to the Spider Nest.
 18228 | Swamp:1  | Entered Level 1 of the Swamp
 18598 | Lair:4   | Reached skill level 18 in Stealth
 19266 | Orc:1    | an orc warlord changed into a dire elephant
 19266 | Orc:1    | Noticed a dire elephant
 19275 | Orc:1    | Killed a dire elephant
 19722 | Elf:1    | Entered Level 1 of the Elven Halls
 19859 | Orc:2    | Noticed an orc warlord
 19967 | Orc:1    | Killed an orc warlord
 20348 | D:12     | Found Otonem's Distillery.
 20370 | D:12     | Found Toaf's Antique Armour Shop.
 20398 | D:12     | Bought a potion of heal wounds for 75 gold pieces
 20398 | D:12     | Bought a potion of berserk rage for 75 gold pieces
 20398 | D:12     | Bought a potion of curing for 45 gold pieces
 20398 | D:12     | Bought 2 potions of invisibility for 240 gold pieces
 20492 | D:12     | Found Faegerey's Distillery.
 20498 | D:12     | Noticed an ettin
 20506 | D:12     | Noticed Sonja
 20553 | D:12     | Found Zedosog's Book Shoppe.
 20557 | D:12     | Reached skill level 19 in Stealth
 20605 | D:12     | Bought a potion of heal wounds for 65 gold pieces
 20697 | D:12     | Mangled by an ettin

Illustrated notes

Levels and vault maps discovered:
D:1:      minmay_arrival_semitransparent, layout_basic
D:2:      layout_basic, uniq_natasha
D:3:      layout_loops_corners, mainiacjoe_overflow_alcove_2,
          general_overflow_altar, mainiacjoe_overflow_catwalk,
          solitary_fountain, uniq_jessica
D:4:      layout_basic, minmay_temple_entry_statues_pillars,
          serial_co_window_serial, co_window_of_opportunity_a,
          co_window_paths_a, co_window_paths_b, co_window_corner_a,
          co_window_corner_a, co_window_of_opportunity_b,
          co_window_of_opportunity_b, co_window_of_opportunity_c,
          co_window_corner_ca, co_window_paths_c, co_window_of_opportunity_b,
          co_window_paths_d, glass_columns_a, glass_columns_a, glass_columns_b
D:5:      layout_rooms, elyvilon_altar_1, mainiacjoe_overflow_tiny_flanked,
          chequers_temple_overflow_statue_of_worship, uniq_sigmund, uniq_pikel
D:6:      layout_basic, minitemple, minmay_fractal_squares_5
D:7:      layout_cave_pools, nemelex_xobeh_ov_fountains_minmay, serial_shops,
          nicolae_shop_waterfront, serial_gnoll_camp, gnoll_camp_huts_moat,
          gnoll_camp_mini_doghouse, gnoll_camp_mini_shop, gnoll_camp_medium_02,
          gnoll_camp_mini_house, gnoll_camp_mini_hut
D:8:      layout_loops_corners, lair_entry_dummy, kennysheep_generic_room_10,
          uniq_amaemon, uniq_grum
D:9:      layout_roguey, lemuel_doored_altar
D:10:     layout_long_grid, serial_shops, shop
D:11:     layout_stronghold, david_orc_4
D:12:     minmay_connected_boxes_in_corner, layout_basic, serial_shops, shop,
          nicolae_shop_dealshenge, nicolae_square_shop, nicolae_shop_stone,
          nicolae_shop_advertising_works [nicolae_subvault_shop_adworks],
          uniq_sonja
D:13:     layout_loops_ring, nicolae_trove_entry_free_sample, eino_jars,
          uniq_urug
Temple:   chequers_temple_sunken
Lair:1:   layout_hall_layers
Lair:2:   layout_big_grid
Lair:3:   layout_cave_pods, minmay_swamp_entry_worms,
          hellmonk_spider_entry_life_and_decay
Lair:4:   layout_hall_layers
Swamp:1:  layout_falls_marsh, evilmike_swamp_ruin_house_6
Orc:1:    cheibrodos_orc_arena, layout_caves, basic_altar,
          gammafunk_ghost_berserking_beasts
Orc:2:    st_orc_congregation, layout_caves, basic_altar, uniq_josephine
Elf:1:    eino_elf_arrival_shootout, layout_loops_cross,
          portal_ice_cave_entry_pillars_1, evilmike_minifort, hex_medium,
          grunt_ministairs_13, uniq_zenata

Skill      XL: |  1  2  3  4  5  6  7  8  9 10 11 12 13 |
---------------+----------------------------------------+-----
Dodging        | 3 4 5 9 |  9.3
Short Blades   | 3 4 6 7 9 12 14 | 14.0
Stealth        | 8 9 10 11 13 15 16 19 | 19.1
Fighting       | 3 4 5 6 8 |  8.3
Spellcasting   | 1 2 4 5 6 7 8 9 12 | 12.2
Invocations    | 1 2 3 |  3.0
Hexes          | 2 5 7 |  7.1
Armour         | 2 3 |  3.2

Action                     |  1- 3 |  4- 6 |  7- 9 | 10-12 | 13-15 || total
---------------------------+-------+-------+-------+-------+-------++-------
  Melee: Short sword       |   116 |   198 |   199 |    95 |       ||   608
         Punch             |     1 |       |     2 |    26 |     5 ||    34
         Quick blade       |       |       |       |  1305 |   434 ||  1739
         Headbutt          |       |       |       |    73 |   107 ||   180
  Throw: Dart              |       |     2 |     5 |       |       ||     7
   Cast: Confusing Touch   |       |       |    10 |    25 |    11 ||    46
  Evoke: Wand              |       |       |    18 |       |     2 ||    20
    Use: Potion            |     1 |       |     1 |     3 |       ||     5
         Scroll            |       |     1 |    18 |     9 |     2 ||    30
   Stab: Sleeping          |    11 |    23 |    18 |    45 |    32 ||   129
         Distracted        |       |     1 |     2 |     8 |     7 ||    18
         Confused          |       |       |     7 |    24 |    16 ||    47
         Invisible         |       |       |     3 |       |       ||     3
 Armour: Robe              |    33 |    56 |    24 |       |    26 ||   139
         Steam dragon scal |       |       |    47 |   167 |    16 ||   230
  Dodge: Dodged            |    79 |   180 |   277 |   728 |   152 ||  1416

Table legend: (Time is in decaauts)
 A = Elapsed time spent in this place.
 B = Non-inter-level travel time spent in this place.
 C = Inter-level travel time spent in this place.
 D = Time resting spent in this place.
 E = Time spent auto-exploring this place.
 F = Levels seen in this place.
 G = Mean time per level.
                   A        B        C        D        E       F      G
               +--------+--------+--------+--------+--------+-----+--------+
         Total |  14554 |  13919 |    635 |   1011 |   7722 |  22 |  661.5 |
       Dungeon |   9422 |   8933 |    489 |    415 |   5002 |  13 |  724.8 |
        Temple |     31 |     20 |     11 |      0 |      0 |   1 |   31.0 |
          Lair |   2781 |   2691 |     90 |    179 |   1696 |   4 |  695.2 |
         Swamp |     16 |     16 |      0 |      0 |      0 |   1 |   16.0 |
  Orcish Mines |   2296 |   2253 |     43 |    417 |   1023 |   2 | 1148.0 |
   Elven Halls |      6 |      6 |      0 |      0 |      0 |   1 |    6.0 |
               +--------+--------+--------+--------+--------+-----+--------+

Top non-repeatable levels by time:
   Orc:1: 1655 daAuts
     D:8: 1523 daAuts
     D:7: 1238 daAuts
  Lair:1: 1238 daAuts
     D:4: 1096 daAuts
     D:3: 868 daAuts
     D:6: 767 daAuts
     D:5: 763 daAuts
    D:11: 717 daAuts
   Orc:2: 640 daAuts
  Lair:3: 638 daAuts
  Lair:2: 621 daAuts
     D:9: 615 daAuts
    D:10: 595 daAuts
     D:1: 486 daAuts
